 Dungeon Crawl Stone Soup version 0.24.1-14-gf8d2b509d9 (console) character file.

Game seed: 15473405681264273939, levelgen mode: deterministic

11 Kagalorn the Grasshopper (level 2, -3/23 HPs)
             Began as a Barachi Warper on Aug 12, 2020.
             Slain by a worker ant (4 damage)
             ... on level 5 of the Dungeon.
             The game lasted 00:04:02 (516 turns).

Kagalorn the Grasshopper (Barachi Warper)            Turns: 516, Time: 00:04:02

Health: -3/23      AC:  5    Str: 12    XL:     2   Next: 25%
Magic:  5/5        EV: 22    Int: 13    God:
Gold:   14         SH:  0    Dex: 16    Spells: 5/5 levels left

rFire    . . .     SeeInvis .     - Unarmed
rCold    . . .     Gourm    .   (no shield)
rNeg     . . .     Faith    .   g - +0 ring mail
rPois    .         Spirit   .   (no helmet)
rElec    .         Reflect  .   (no cloak)
rCorr    +         Harm     .   (no gloves)
MR       .....                  (no boots)
Stlth    ++........             (no amulet)
HPRegen  0.07/turn              h - ring of resist corrosion
MPRegen  0.09/turn              i - +6 ring of evasion

@: agile, lethally poisoned (-3 -> -6), can't hop, slow
A: +LOS, swims, slowness 1, strong legs 1
a: Hop


You were on level 5 of the Dungeon.
You were not hungry.

You visited 1 branch of the dungeon, and saw 5 of its levels.

You collected 14 gold pieces.

Inventory:

Missiles
 d - 5 boomerangs of dispersal (quivered)
Armour
 g - a +0 ring mail (worn)
Jewellery
 h - a ring of resist corrosion (left hand)
 i - a +6 ring of evasion (right hand)
Scrolls
 b - a scroll of identify
 e - a scroll of remove curse
Comestibles
 f - 2 rations


   Skills:
 + Level 2.8 Fighting
 - Level 1.0 Throwing
 - Level 1.2 Armour
 - Level 2.1 Dodging
 * Level 2.9 Unarmed Combat
 - Level 2.1 Spellcasting
   Level 3.2 Translocations


You had 5 spell levels left.
You didn't know any spells.
Your spell library contained the following spells:

 Spells                   Type           Power        Failure   Level  Hunger
 Blink                    Tloc           N/A          22%         2    ###....
 Shroud of Golubria       Chrm/Tloc      #.....       41%         2    ###....
 Gell's Gravitas          Tloc           #.........   41%         3    ####...
 Lesser Beckoning         Tloc           #.........   41%         3    ####...
 Teleport Other           Tloc           #.......     41%         3    ####...
 Passage of Golubria      Tloc           N/A          82%         4    #####..


Dungeon Overview and Level Annotations

Branches:
Dungeon (5/15)
 Temple: D:4-7

Altars:
Vehumet


Innate Abilities, Weirdness & Mutations

Shadows flee at your approach. (+LOS)
You can swim through water.
You cover ground slowly.
You can hop short distances.


Message History

Found a leather armour.
You close the door.
You feel sick.
A kobold opens the door.
The kobold completely misses you.
There's a creature in the doorway!
You feel agile all of a sudden.
You feel sick. The worker ant bites you.
* * * LOW HITPOINT WARNING * * *
The kobold closely misses you.
There is a lethal amount of poison in your body!
The worker ant completely misses you.
* * * LOW HITPOINT WARNING * * *
You feel sick.
* * * LOW HITPOINT WARNING * * *
You feel sick. The worker ant misses you.
* * * LOW HITPOINT WARNING * * *
You feel sick. The worker ant closely misses you. The adder bites you.
* * * LOW HITPOINT WARNING * * *
The worker ant bites you.
You die...

##+###
#.@K.#
#aKS.#
+....#K...#
#....#....#
#....##K..#
#.....#...#
#.....#...#
#.....'...#
#....<#g..#


You could see a worker ant, an adder, a hobgoblin and 4 kobolds.

Vanquished Creatures
  An ooze (D:4)
  A bat (D:3)
  2 goblins
  A kobold (D:3)
  2 frilled lizards
  A rat (D:3)
8 creatures vanquished.

Notes
Turn   | Place    | Note
-------+----------+-------------------------------------------
     0 | D:1      | Kagalorn the Barachi Warper began the quest for the Orb.
     0 | D:1      | Reached XP level 1. HP: 17/17 MP: 3/3
   302 | D:2      | Found a radiant altar of Vehumet.
   346 | D:4      | Reached XP level 2. HP: 23/23 MP: 5/5
   388 | D:3      | Found a faded altar of an unknown god.
   447 | D:4      | Noticed an orc warrior
   457 | D:5      | Entered Level 5 of the Dungeon
   514 | D:5      | HP: 1/23 [poisoned by a worker ant]
   516 | D:5      | Slain by a worker ant

Levels and vault maps discovered:
D:1:      mrwooster_arrival_statue_3, layout_basic
D:2:      layout_loops_ring, fiery_altar_vehumet, elyvilon_altar_4
D:3:      layout_basic, chequers_ecumenical_altar_island, first_ration
D:4:      layout_loops_corners, chequers_hall_statues_y, grunt_dithmenos_shadows
D:5:      cheibrodos_thug_alley, layout_gridville, gammafunk_ghost_arena,
          serial_shops, shop_fountains

Action                   || total
-------------------------++-------
Melee: Unarmed           ||    39
       Punch             ||     1
 Abil: Hop               ||     1
  Use: Scroll            ||     4
       Potion            ||     1
Armor: Leather armour    ||     5
       Ring mail         ||     8
Dodge: Dodged            ||    40
